woodfighter, neutral female human Wizard --- ----------- .| ..........| -----.| |<........| |...|.| |.........| | |...|.| |.........| |. |.. |.|# #..........| -+--.... -----+--.---.|# ###----------- | -+----+--............@...a....|# # |.............{......{.......%%.|# ### | --+--+---.. -+----?aau.a.....|# # --- |.----|----..####### |. |....|[|#####%#`#*#[## | |....|[| ###### ---.---- |..(.|)| # # |......| | ------------ ------ ---------..### ###|......| |...............................| #-......| --------------------------------- -------- woodfighter the Thaumaturge Experience level: 7 Strength: 9 Dexterity: 10 Constitution: 13 Intelligence: 19 Wisdom: 17 Charisma: 9 Health: 0(60) Energy: 39(67) Def: 8 Gold: 0 Moves: 2684 Dungeon seed: CDwjktji5a8B3NO3 Game ID: woodfighter_1448144599 Your Inventory: Amulets f - an uncursed amulet of change Weapons a - a blessed +1 quarterstaff (weapon in hands) Armor e - an uncursed +0 cloak of magic resistance (being worn) n - an uncursed +2 pair of elven boots (being worn) q - an uncursed +0 studded leather armor (being worn) r - an uncursed +0 dwarvish cloak y - a cursed +1 orcish helm z - an uncursed +0 pair of leather gloves (being worn) C - an uncursed +0 dwarvish cloak H - an uncursed +0 dwarvish cloak Comestibles h - an uncursed banana j - a cursed food ration u - an uncursed lembas wafer A - an uncursed food ration B - an uncursed tripe ration E - 2 uncursed fortune cookies Wands b - a cursed wand of polymorph (0:2) d - a wand of nothing (0:4) g - a wand of cold (0:3) i - a wand of cold (0:5) l - a wand of enlightenment (0:13) v - a wand of cancellation (0:5) x - a wand of striking (0:6) T - a wand of light (0:13) Tools k - a cursed bag of holding m - 5 cursed wax candles (0:400) o - 2 cursed tallow candles (0:200) s - an uncursed bag of holding t - an uncursed towel w - 2 uncursed tallow candles (0:200) D - an uncursed oil lamp (0:1395) F - an uncursed wax candle (0:400) G - an uncursed stethoscope P - 3 blessed tallow candles (0:200) Gems p - a cursed worthless piece of yellow glass I - a cursed touchstone N - 3 cursed worthless pieces of red glass Y - an uncursed opal Contents of the bag of holding: 252 gold pieces a +0 elven dagger an uncursed +0 dwarvish cloak an uncursed +0 dwarvish cloak an uncursed +0 dwarvish cloak an uncursed +0 dwarvish cloak an uncursed scroll of confuse monster a cursed scroll of confuse monster a blessed scroll of destroy armor a cursed scroll of destroy armor an uncursed scroll of earth 2 uncursed scrolls of enchant weapon a cursed scroll of magic mapping 2 uncursed scrolls of remove curse a cursed scroll of water a blessed spellbook of force bolt an uncursed spellbook of remove curse an uncursed potion of blindness a cursed potion of fruit juice 2 cursed potions of full healing an uncursed potion of gain ability a cursed potion of gain ability an uncursed potion of hallucination a cursed potion of healing an uncursed potion of invisibility an uncursed potion of polymorph a cursed ring of polymorph control an uncursed oil lamp (0:1456) a +0 pick-axe an uncursed citrine stone 2 uncursed opals an uncursed topaz stone an uncursed worthless piece of black glass 2 uncursed worthless pieces of violet glass an uncursed worthless piece of yellow glass Spells and supernatural/magical abilities: Name Level Category Fail Memory a - force bolt 1 attack 0% 87% r - remove curse 3 clerical 71% 87% W - pray for help -- divine ? -- Your skills at the end: Miscellaneous Skills wands [Basic] Weapon Skills quarterstaff [Basic] Spellcasting Skills attack spells [Basic] enchantment spells [Basic] Final Attributes: You were devoutly aligned. You were poison resistant. You were magic-protected. You were stealthy. You are dead. Vanquished creatures: a ghost 2 rock trolls a small mimic a wood nymph 4 Mordor orcs a violet fungus 3 gnome lords a gray ooze a floating eye a kitten 9 dwarves a kobold lord an iguana a giant bat a wererat 12 killer bees 2 hobbits a large kobold a gecko a red mold 19 gnomes a garter snake 8 jackals a fox 2 newts a goblin 7 grid bugs a kobold zombie 86 creatures vanquished. Voluntary challenges: You did not adorn yourself with jewelry or accessories. You used a wielded weapon 70 times, starting on turn 127. You did not apply a unicorn horn. You read items or engraved 3 times, starting on turn 1531. You never genocided any monsters. You never polymorphed an object. You never changed form. You used no wishes. You never split a pudding. You wrote Elbereth's name 1 time, starting on turn 2683. You never violated your personal moral code. Dungeon overview: The Dungeons of Doom: levels 1 to 4 Level 1 some fountains a long staircase Level 2 (vault) an armor shop, some fountains Level 3 (locked box) an altar to Ptah, a fountain stairs to The Gnomish Mines Level 4 The Gnomish Mines: levels 4 to 7 Level 4 stairs to The Dungeons of Doom Level 5 Level 6 Level 7 <- You were here a magic chest, some fountains History has recorded: On T:1 you entered the Dungeons of Doom to retrieve the Amulet of Yendor! On T:42 you reached level 2 of The Dungeons of Doom. On T:431 you reached level 3 of The Dungeons of Doom. On T:728 you advanced to experience level 2. On T:883 you advanced to experience level 3. On T:938 you reached level 4 of The Dungeons of Doom. On T:1157 you reached level 1 of The Gnomish Mines. On T:1411 you advanced to experience level 4. On T:1461 you advanced to experience level 5. On T:1588 you reached level 2 of The Gnomish Mines. On T:1754 you reached level 3 of The Gnomish Mines. On T:1846 you reached level 4 of The Gnomish Mines. On T:1882 you advanced to experience level 6. On T:2531 you advanced to experience level 7. Score breakdown: Gold: 252 ( 25 points) Experience: 7 levels ( 600 points) Exploration: 7 levels ( 180 points) Discoveries: 5 items ( 250 points) Variety of kills: 28 monsters ( 1400 points) Major goal: (nothing yet) ( 0 points) Survival: died (score multiplied by 3) Total score: 7365 Latest messages: You put 2 brilliant blue potions into the bag called holding. You put an agate ring into the bag called holding. You put a lamp into the bag called holding. You put 2 white gems into the bag called holding. You put a yellow gem into the bag called holding. You put a violet gem into the bag called holding. The bolt of cold misses the killer bee. The bolt of cold bounces! You kill the killer bee! The bolt of cold hits you! You die... The bag of holding is empty. The bag of holding is empty. Final status: Goodbye woodfighter the Wizard, killed by a bolt of cold... You died in The Gnomish Mines on dungeon level 7 with 7365 points, and 252 pieces of gold, after 2684 moves. You were level 7 with a maximum of 60 hit points when you died.